 Dungeon Crawl Stone Soup version 0.31-a0-1308-ga3cce3a448 (webtiles) character file.

Game seed: 3744170413978840590

3189 Curundu the Cleaver (level 9, -1/79 HPs)
             Began as a Minotaur Berserker on Dec 19, 2023.
             Was an Elder of Trog.
             Engulfed by a steam dragon's steam (7 damage)
             ... on level 8 of the Dungeon.
             The game lasted 00:20:28 (6616 turns).

Curundu the Cleaver (Minotaur Berserker)            Turns: 6616, Time: 00:20:29

Health: -1/79      AC: 14    Str: 37    XL:     9   Next: 64%
Magic:  0/8        EV: 15    Int:  4    God:    Trog [****..]
Gold:   336        SH:  0    Dex: 10    Spells: 8/8 levels left

rFire   . . .        J - +5 short sword of the Salmon {chaos, Str+5}
rCold   . . .        (no shield)
rNeg    . . .        l - +0 chain mail
rPois   .            u - +1 hat
rElec   .            r - +0 cloak
rCorr   .            K - +0 pair of gloves
SInv    .            (no boots)
Will    .....        y - amulet of guardian spirit Stlth
                     t - +5 ring of evasion
HPRegen 0.33/turn    z - +6 ring of strength
MPRegen 0.11/turn

%: guardian spirit
@: no status effects
A: horns 2, retaliatory headbutt
a: Renounce Religion, Berserk, Trog's Hand, Brothers in Arms


You were on level 8 of the Dungeon.
You worshipped Trog.
Trog was greatly pleased with you.
You visited 1 branch of the dungeon, and saw 8 of its levels.

You collected 336 gold pieces.

Inventory:

Hand Weapons
 q - a +3 hand axe of holy wrath
 F - a +4 battleaxe
 H - a +4 falchion
 J - the +5 short sword of the Salmon (weapon) {chaos, Str+5}
   (You took it off a kobold brigand on level 7 of the Dungeon)

   Str+5:     It affects your strength (+5).
Missiles
 v - 10 boomerangs
 w - 14 poisoned darts
Armour
 l - a +0 chain mail (worn)
 r - a +0 cloak (worn)
 u - a +1 hat (worn)
 K - a +0 pair of gloves (worn)
Jewellery
 b - a ring of flight
 t - a +5 ring of evasion (left hand)
 y - an amulet of guardian spirit (around neck)
 z - a +6 ring of strength (right hand)
Wands
 E - a wand of paralysis (9)
 L - a wand of quicksilver (8)
Scrolls
 c - a scroll of summoning {unknown}
 e - a scroll of amnesia
 f - 3 scrolls of enchant weapon
 g - 2 scrolls of fog {unknown}
 h - 3 scrolls of enchant armour
 k - 2 scrolls of teleportation {unknown}
 m - a scroll of blinking
 n - 4 scrolls of revelation {unknown}
 p - a scroll of immolation
 B - 2 scrolls of fear {unknown}
 D - 4 scrolls of noise {unknown}
 I - a scroll of vulnerability {unknown}
Potions
 a - a potion of heal wounds {unknown}
 d - a potion of magic
 i - 4 potions of lignification {unknown}
 j - 2 potions of brilliance {unknown}
 o - a potion of haste {unknown}
 s - a potion of might {unknown}
 x - 2 potions of attraction {unknown}
 A - a potion of invisibility {unknown}
 C - a potion of mutation {unknown}
 G - 5 potions of curing {unknown}


   Skills:
 + Level 7.4 Fighting
 + Level 1.4 Short Blades
 + Level 9.8(10.5) Axes
 + Level 6.1(8.8) Polearms
 + Level 3.6 Throwing
 + Level 8.2 Armour
 + Level 3.5 Dodging
 + Level 1.0 Stealth


You had 8 spell levels left.
You didn't know any spells.
Your spell library contained the following spells:

 Spells                   Type           Power      Damage    Failure   Level
 Kiss of Death            Conj/Necr      0%         2d5       85%         1
 Confusing Touch          Hex            0%         N/A       99%         3
 Anguish                  Hex/Necr       0%         N/A       100%        4
 Cause Fear               Hex            0%         N/A       100%        4
 Dispel Undead            Necr           0%         3d6       100%        4
 Passage of Golubria      Tloc           0%         N/A       100%        4
 Silence                  Hex/Air        0%         N/A       100%        5
 Summon Forest            Summ/Tloc      0%         N/A       100%        5
 Summon Mana Viper        Hex/Summ       0%         N/A       100%        5
 Summon Cactus Giant      Summ           0%         N/A       100%        6
 Enfeeble                 Hex            0%         N/A       100%        7
 Lehudib's Crystal Spear  Conj/Erth      0%         10d2      100%        8


Dungeon Overview and Level Annotations

Branches:
Dungeon (8/15)             Temple (0/1) D:6
   Lair: D:8-11

Altars:
Okawaru
Xom

Shops:
D:4 [   D:6 *


Innate Abilities, Weirdness & Mutations

You have a pair of horns on your head.
You reflexively headbutt those who attack you in melee.


Message History

The steam dragon claws you but does no damage.
The gnoll misses you.
You hit the gnoll.
The gnoll is almost dead.
The gnoll barely misses you. The steam dragon barely misses you.
The steam dragon misses you.
The killer bee is engulfed in a cloud of scalding steam.
The killer bee stings you but does no damage.
You hit the gnoll.
You kill the gnoll!
Trog accepts your kill.
The killer bee is engulfed in a cloud of scalding steam.
The killer bee barely misses you.
The killer bee is engulfed in a cloud of scalding steam.
The killer bee misses you. The steam dragon misses you.
The steam dragon claws you. The killer bee misses you.
The steam dragon misses you. The steam dragon completely misses you.
Things that are here:
a +0 halberd; a gnoll corpse The killer bee attacks as it pursues you!
The killer bee barely misses you.
The killer bee stings you but does no damage.
The steam dragon breathes steam at you. The ball of steam hits you!
You hear an angry buzzing noise.
You hear a shout!
You hit the two-headed ogre. You freeze the two-headed ogre.
You headbutt the two-headed ogre, but do no damage.
The two-headed ogre is lightly wounded.
You are engulfed in a cloud of scalding steam.
The killer bee closely misses you. The killer bee misses you.
The steam dragon misses you. The steam dragon claws you.
The two-headed ogre hits you with a +0 giant club!!
* * * LOW HITPOINT WARNING * * *
The two-headed ogre hits you with a +0 giant club.
* * * LOW HITPOINT WARNING * * *
You puncture the two-headed ogre! You freeze the two-headed ogre.
The two-headed ogre is moderately wounded.
You are engulfed in a cloud of scalding steam.
You die...

#. ... ...
##.#.#.#######.#
#.......#.......
#.##.#..#.##.#.#
#.........##.#.# ###...
#..#.##.#.#
.....####.#.##)#.##
.....'......†))y@.#
.....####.#.###DO.#
....................'.
####....#.#.#####.#.#..
...).......... .....
#>.#.##...#.### .#.#.#
#.............. .....#
#.............. .. ..#
#..#.#.........


You could see a two-headed ogre, a steam dragon (catching breath) and a killer
bee.

Vanquished Creatures
  Sigmund (D:4)
  A wyvern (D:8)
  2 water moccasins
  An ice beast (D:6)
  2 sky beasts (D:7)
  An ogre (D:5)
  2 orc warriors (D:7)
  A centaur (D:7)
  4 bullfrogs
  A kobold brigand (D:7)
  A gnoll sergeant (D:8)
  3 scorpions
  5 wights (D:7)
  11 killer bees
  A howler monkey (D:6)
  3 orc priests
  3 hounds
  2 jellies
  3 sleepcaps
  4 iguanas
  3 orc wizards
  3 gnolls (D:8)
  3 adders
  A shadow imp (D:7)
  2 white imps
  2 ufetubi (D:6)
  6 worms
  A dart slug (D:1)
  19 orcs
  7 endoplasms
  3 giant cockroaches
  9 goblins
  9 hobgoblins
  6 quokkas
  8 ball pythons
  5 bats
  3 frilled lizards
  5 kobolds
  4 rats
151 creatures vanquished.

Vanquished Creatures (others)
  A killer bee (D:8)
1 creature vanquished.

Grand Total: 152 creatures vanquished

Notes
Turn   | Place    | Note
-------+----------+-------------------------------------------
     0 | D:1      | Curundu the Minotaur Berserker began the quest for the Orb.
     0 | D:1      | Reached XP level 1. HP: 19/19 MP: 0/0
   179 | D:1      | Reached XP level 2. HP: 25/27 MP: 1/1
  1168 | D:2      | Reached ** piety under Trog
  1169 | D:2      | Reached XP level 3. HP: 30/33 MP: 2/2
  1361 | D:2      | Found a faded altar of an unknown god.
  1966 | D:3      | Reached XP level 4. HP: 41/41 MP: 3/3
  2320 | D:4      | Reached skill level 5 in Polearms
  2770 | D:4      | Found Eschog's Armour Boutique.
  2805 | D:4      | Noticed Sigmund
  2834 | D:4      | HP: 2/41 [something (4)]
  2844 | D:4      | Killed Sigmund
  2845 | D:4      | Reached skill level 5 in Fighting
  2845 | D:4      | Reached skill level 1 in Axes
  2845 | D:4      | Reached XP level 5. HP: 4/48 MP: 4/4
  2845 | D:4      | Reached XP level 6. HP: 5/56 MP: 5/5
  3302 | D:5      | Entered Level 5 of the Dungeon
  3310 | D:5      | Reached skill level 2 in Axes
  3481 | D:5      | Reached *** piety under Trog
  3704 | D:5      | Reached skill level 3 in Axes
  3704 | D:5      | Reached skill level 5 in Armour
  3704 | D:5      | Reached XP level 7. HP: 61/61 MP: 6/6
  3772 | D:5      | Reached skill level 4 in Axes
  4100 | D:5      | Reached skill level 1 in Throwing
  4558 | D:6      | Reached skill level 5 in Axes
  4633 | D:6      | Reached XP level 8. HP: 61/70 MP: 5/7
  4995 | D:6      | Found a staircase to the Ecumenical Temple.
  5030 | D:6      | Found Jonic's Assorted Antiques.
  5221 | D:7      | Reached skill level 6 in Axes
  5231 | D:7      | Reached skill level 1 in Stealth
  5478 | D:7      | Reached skill level 7 in Axes
  5492 | D:7      | Reached **** piety under Trog
  5675 | D:7      | Reached XP level 9. HP: 78/78 MP: 8/8
  5684 | D:7      | Reached skill level 8 in Axes
  5788 | D:7      | Found an iron altar of Okawaru.
  5875 | D:7      | Identified the +5 short sword of the Salmon {chaos, Str+5}
  6296 | D:7      | Found a large runed translucent door.
  6296 | D:7      | Found a large runed translucent door.
  6298 | D:7      | Found a shimmering altar of Xom.
  6310 | D:7      | Reached skill level 9 in Axes
  6596 | D:8      | Reached skill level 1 in Short Blades
  6608 | D:8      | Noticed a two-headed ogre
  6616 | D:8      | Engulfed by a steam dragon's steam

Illustrated notes

Levels and vault maps discovered:
D:1:      psy_arrival_statuary, layout_basic
D:2:      layout_rooms, basic_ecumenical_altar, minmay_misc_feat_room
D:3:      layout_rooms, chequers_serial_rivers_small_a, minmay_misc_feat_square
D:4:      layout_basic, serial_shops, shop, uniq_sigmund
D:5:      layout_basic, minmay_misc_feat_hallway,
          hangedman_abyss_or_decor_stagger
D:6:      layout_basic, temple_doors_e, serial_shops,
          nicolae_shop_rolling_square, nicolae_twisty_statue_hallways
D:7:      due_chaos_kobolds, layout_basic, okawaru_ov_weapons_minmay
D:8:      layout_basic, lightli_orcish_oven

Skill      XL: |  1  2  3  4  5  6  7  8  9 |
---------------+----------------------------+-----
Fighting       | 4 5 6 7 |  7.4
Polearms       | 4 6 |  6.1
Armour         | 3 5 7 8 |  8.2
Axes           | 1 3 5 7 9 |  9.8
Throwing       | 2 3 |  3.6
Stealth        | 1 |  1.0
Dodging        | 3 |  3.5
Short Blades   | 1 |  1.4

Action                     |  1- 3 |  4- 6 |  7- 9 || total
---------------------------+-------+-------+-------++-------
  Melee: Spear             |   115 |    42 |       ||   157
         Headbutt          |    12 |    17 |    17 ||    46
         Punch             |     1 |     2 |     1 ||     4
         Hand axe          |       |    68 |    76 ||   144
         Battleaxe         |       |       |    49 ||    49
         Short sword       |       |       |    34 ||    34
  Throw: Boomerang         |       |     6 |       ||     6
         Dart              |       |     1 |    14 ||    15
 Invoke: Trog's Hand       |       |     1 |     1 ||     2
    Use: Scroll            |       |     3 |     3 ||     6
 Armour: Animal skin       |    11 |       |       ||    11
         Leather armour    |    32 |       |       ||    32
         Chain mail        |    24 |    76 |   143 ||   243
  Dodge: Dodged            |    52 |    47 |   205 ||   304

Table legend: (Time is in decaauts)
 A = Elapsed time spent in this place.
 B = Non-inter-level travel time spent in this place.
 C = Inter-level travel time spent in this place.
 D = Time resting spent in this place.
 E = Time spent auto-exploring this place.
 F = Levels seen in this place.
 G = Mean time per level.
                   A        B        C        D        E       F      G
               +--------+--------+--------+--------+--------+-----+--------+
         Total |   6611 |   6611 |      0 |      0 |   4859 |   8 |  826.4 |
       Dungeon |   6611 |   6611 |      0 |      0 |   4859 |   8 |  826.4 |
               +--------+--------+--------+--------+--------+-----+--------+

Top non-repeatable levels by time:
     D:7: 1205 daAuts
     D:5: 1190 daAuts
     D:1: 1151 daAuts
     D:4: 1002 daAuts
     D:6: 724 daAuts
     D:2: 676 daAuts
     D:3: 457 daAuts
     D:8: 202 daAuts
